AoeStats
← Sked57

Arabia

509564803Analyzed
1v1 RM · 4d ago on Sep 27, 2026· 41m 35s· 2 players
Game mode
Random Map
Map size
Tiny (2 player)
Population
200
Speed
Normal
Resources
Standard
Victory
Conquest
Starting age
Dark Age
Ending age
Imperial Age
RankedLock teamsTeams togetherTeam positionsShared explorationLock speedFull tech treeHidden civsTurbo modeCheats
Victory
Defeat
🇫🇷 Franks · France
644
+17
🇩🇪 Portuguese · Germany
655
-17
Sked57
9:42 Feudal Age
10:37 Double-Bit Axe
13:18 Town Watch
13:23 Loom
13:51 Forging
15:31 Scale Barding Armor
18:31 Gold Mining
21:47 Castle Age
19:43 Stone Mining
20:19 Fletching
21:40 Gold Mining
22:49 Husbandry
22:52 Squires
23:59 Gold Shaft Mining
24:23 Bow Saw
25:21 Wheelbarrow
26:00 Iron Casting
27:51 Ballistics
26:53 Crossbowman
30:24 Hand Cart
30:30 Bodkin Arrow
30:26 Pikeman
32:02 Padded Archer Armor
32:23 Chain Barding Armor
32:44 Scale Mail Armor
33:00 Leather Archer Armor
34:52 Town Watch
38:30 Imperial Age
37:34 Chain Mail Armor
38:20 Town Patrol
40:23 Chemistry
40:34 Blast Furnace
40:11 Plate Barding Armor
40:47 Plate Mail Armor
39:42 Cavalier
hoodwatcher609
10:58 Feudal Age
16:35 Castle Age
26:23 Forging
27:18 Horse Collar
31:49 Wheelbarrow
33:09 Scale Mail Armor
33:45 Iron Casting
36:25 Pikeman
37:23 Chain Mail Armor
40:40 Imperial Age
41:30 Double-Bit Axe
Connection lost

Rejoining the realm…

Still unreachable

The connection could not be restored.

Session expired

The server has moved on; the page needs a fresh start.